 Dungeon Crawl Stone Soup version 0.20.1-1-g8b1a95d (webtiles) character file.

105 Mitsuki the Digger (level 4, 0/24 HPs)
             Began as a Gargoyle Earth Elementalist on Sept 14, 2017.
             Slain by Sanvar's ghost (2 damage)
             ... on level 3 of the Dungeon.
             The game lasted 00:07:29 (3638 turns).

Mitsuki the Digger (Gargoyle Earth Elementalist)    Turns: 3638, Time: 00:07:29

Health: 0/24       AC:  5    Str: 11    XL:     4   Next: 83%
Magic:  1/8        EV: 12    Int: 17    God:
Gold:   144        SH:  0    Dex: 10    Spells: 5/9 levels left

rFire    . . .     SeeInvis .   j - +0 club
rCold    . . .     Gourm    .   (no shield)
rNeg     + . .     Faith    .   c - +0 robe
rPois    ∞         Spirit   .   (no helmet)
rElec    +         Reflect  .   (no cloak)
rCorr    .         Harm     .   (no gloves)
MR       .....                  (no boots)
Stlth    ++........             (no amulet)
Regen    0.1/turn               (no ring)
MPRegen  0.2/turn               (no ring)

@: no status effects
A: negative energy resistance 1, electricity resistance, unbreathing,
petrification resistance, rot immunity, AC +3
a: no special abilities


You were on level 3 of the Dungeon.
You were not hungry.

You visited 1 branch of the dungeon, and saw 3 of its levels.

You collected 144 gold pieces.

Inventory:

Hand Weapons
 j - a +0 club (weapon)
Missiles
 b - 48 stones (quivered)
Armour
 c - a +0 robe (worn)
Scrolls
 f - a scroll of random uselessness {unknown}
 g - a scroll of remove curse
 l - 5 scrolls of identify {unknown}
 m - a scroll of teleportation {unknown}
 n - a scroll of blinking {unknown}
 o - a scroll of fear {unknown}
Potions
 a - a potion of invisibility {unknown}
 k - 3 potions of curing {unknown}
 p - a potion of might {unknown}
 q - a potion of berserk rage {unknown}
Books
 e - a book of Geomancy

   Spells                             Type                      Level
   a - Sandblast                      Earth                        1
   b - Passwall                       Transmutation/Earth          2
   c - Stone Arrow                    Conjuration/Earth            3
   d - Petrify                        Transmutation/Earth          4
   e - Lee's Rapid Deconstruction     Earth                        5
Comestibles
 d - a bread ration
 h - a meat ration
 i - 3 fruits
 r - a royal jelly


   Skills:
 - Level 1.5 Dodging
 - Level 2.1 Stealth
 + Level 3.2 Spellcasting
 + Level 1.8 Conjurations
   Level 0.7 Transmutations
 + Level 5.0 Earth Magic


You had 5 spell levels left.
You knew the following spells:

 Your Spells              Type           Power        Failure   Level  Hunger
a - Sandblast             Erth           ###...       2%          1    None
b - Stone Arrow           Conj/Erth      ##....       13%         3    ###....


Dungeon Overview and Level Annotations

Branches:
Dungeon (3/15)

Altars:
Hepliaklqana
Qazlal
Ru
Xom

Annotations:
D:2 Sigmund
D:3 Sanvar's ghost, amateur HuSk


Innate Abilities, Weirdness & Mutations

You are resistant to torment.
Your stone body is resilient. (AC +3)
You are immune to poison.
You resist negative energy. (rN+)
You are resistant to electric shocks. (rElec)
You can survive without breathing.
You are immune to petrification.
You are immune to rotting.


Message History

Aim: Sanvar's ghost (heavily damaged)
The blast of sand hits Sanvar's ghost.
Sanvar's ghost is severely damaged.
b - 49 stones Sanvar's ghost hits you.
* * * LOW HITPOINT WARNING * * *
Casting: Sandblast
Confirm with . or Enter, or press ? or * to list all spells.
Aiming: Sandblast
Press: ? - help, Shift-Dir - straight line, f/p - Sanvar's ghost
Aim: Sanvar's ghost (severely damaged)
The blast of sand hits Sanvar's ghost.
Sanvar's ghost is severely damaged.
b - 48 stones Sanvar's ghost hits you.
* * * LOW HITPOINT WARNING * * *
You barely miss Sanvar's ghost.
Sanvar's ghost is severely damaged.
Sanvar's ghost hits you.
You die...

.###..####.##
#.####..##....###.#
.##.....##..###.#.........#.#
#.#
.##...#...........##........#
#.#
.##.#.###..####.####..###.###
### .......#.#.#
#........##.# ###.#......#
######.#.##.# #.......####
#.#.##[# #.#.###.##########
#.... .# #.#.###.##......@#
###.## #.#..##.##......W#
###.#
#.##.##.##.......###...####
#.......##...........W.....
####.#####.......##....###
#.## #.......#......# #(.#
#..............# ##.#
#######.#..#...# #.#
#.#......#


You could see Sanvar's ghost.

Vanquished Creatures
  Terence (D:2)
  3 adders (D:2)
  2 worms (D:2)
  3 dart slugs
  3 leopard geckos
  4 goblins
  6 hobgoblins
  2 quokkas (D:2)
  A ball python (D:1)
  3 bats
  3 frilled lizards
  7 kobolds
  4 rats
42 creatures vanquished.

Notes
Turn   | Place    | Note
-------+----------+-------------------------------------------
     0 | D:1      | Mitsuki the Gargoyle Earth Elementalist began the quest for the Orb.
     0 | D:1      | Reached XP level 1. HP: 10/10 MP: 3/3
   303 | D:1      | Reached skill level 4 in Earth Magic
   303 | D:1      | Reached XP level 2. HP: 6/15 MP: 1/5
  1462 | D:2      | Reached XP level 3. HP: 10/19 MP: 4/6
  1467 | D:2      | Learned a level 3 spell: Stone Arrow
  1699 | D:2      | Noticed Sigmund
  1946 | D:2      | Found a sacrificial altar of Ru.
  2373 | D:2      | Reached XP level 4. HP: 23/24 MP: 8/8
  2708 | D:2      | Reached skill level 1 in Conjurations
  2736 | D:2      | Found a stormy altar of Qazlal.
  2736 | D:2      | Found a faded altar of an unknown god.
  2736 | D:2      | Noticed Terence
  2746 | D:2      | Killed Terence
  2820 | D:2      | Found a hazy altar of Hepliaklqana.
  2822 | D:2      | Found a shimmering altar of Xom.
  2824 | D:2      | Found a faded altar of an unknown god.
  3084 | D:2      | Reached skill level 5 in Earth Magic
  3621 | D:3      | Noticed Sanvar's ghost (amateur HuSk)
  3638 | D:3      | Slain by Sanvar's ghost

Skill      XL: |  1  2  3  4 |
---------------+-------------+-----
Earth Magic    | 4 5 |  5.0
Spellcasting   | 3 |  3.2
Conjurations   | 1 |  1.8
Dodging        | |  1.5
Stealth        | |  2.1
Transmutations | |  0.7

Action                   |  1- 3 |  4- 6 || total
-------------------------+-------+-------++-------
Melee: Unarmed           |    31 |       ||    31
       Club              |   101 |    62 ||   163
 Cast: Sandblast         |    19 |    14 ||    33
  Use: Scroll            |     1 |       ||     1
 Stab: Sleeping          |     2 |     1 ||     3
       Distracted        |       |     1 ||     1
  Eat: Chunk             |     4 |     4 ||     8
       Fruit             |     1 |       ||     1
Armor: Robe              |    37 |    22 ||    59
Dodge: Dodged            |   107 |    52 ||   159
